 Dungeon Sprint DCSS version 0.30-a0-1103-g25895a7845 (webtiles) character file.

Game seed: 5791671005112175275

262 fozzywoppz the Ruffian (level 5, -1/75 HPs)
             Began as a Draconian Transmuter on Apr 18, 2023.
             Was a Follower of Jiyva.
             Slain by a tarantella (10 damage)
             ... in the Dungeon (Sprint VII: "The Pits").
             The game lasted 00:03:42 (363 turns).

fozzywoppz the Ruffian (Draconian Transmuter)        Turns: 363, Time: 00:03:43

Health: -1/75      AC: 22    Str: 13    XL:     5   Next: 97%
Magic:  12/12      EV:  2    Int: 15    God:    Jiyva [*.....]
Gold:   0          SH:  0    Dex: 11    Spells: 11/14 levels left

rFire   . . .      SeeInvis .      - Unarmed
rCold   . . .      Faith    .    (no shield)
rNeg    . . .      Spirit   .    (body armour unavailable)
rPois   +          Reflect  .    (helmet currently unavailable)
rElec   .          Rampage  .    (cloak currently unavailable)
rCorr   .          NoTele   +    (gloves currently unavailable)
Will    .....                    (boots currently unavailable)
Stlth   +                        (no amulet)
HPRegen 1.12/turn                (no ring)
MPRegen 0.38/turn                (no ring)

@: confused, tree-form
A: stationary, stasis, torment immunity, boosted hp, AC +5, unfitting armour,
(cold-blooded)
a: Renounce Religion


You were in the Dungeon.
You worshipped Jiyva.
Jiyva was aware of your devotion.
You were a tree.
You visited 1 branch

Inventory:

Scrolls
 i - 5 scrolls of amnesia
 j - a scroll of butterflies
Potions
 b - 5 potions of curing
 c - 4 potions of heal wounds
 d - a potion of haste
 e - 4 potions of magic
 f - 3 potions of berserk rage
 h - 2 potions of invisibility


   Skills:
 + Level 6.1 Fighting
 + Level 5.4 Dodging
 + Level 6.3 Unarmed Combat
 - Level 5.0 Spellcasting
 + Level 6.0 Transmutations


You had 11 spell levels left.
You knew the following spells:

 Your Spells              Type           Power      Damage    Failure   Level
a - Beastly Appendage     Tmut           42%        N/A       1%          1
b - Wereblood             Tmut           21%        N/A       1%          2

Your spell library contained the following spells:

 Spells                   Type           Power      Damage    Failure   Level
 Spider Form              Tmut/Pois      12%        N/A       14%         3
 Ice Form                 Ice/Tmut       12%        N/A       43%         4


Dungeon Overview and Level Annotations

Branches:
Dungeon (1/1)

Altars:
Ashenzari
Cheibriados
Dithmenos
Elyvilon
Fedhas
Gozag
Hepliaklqana
Kikubaaqudgha
Makhleb
Nemelex Xobeh
Okawaru
Qazlal
Ru
Sif Muna
Trog
Uskayaw
Vehumet
Wu Jian
Xom
Yredelemnul
Zin
The Shining One
Jiyva
Lugonu


Innate Abilities, Weirdness & Mutations

You are a tree.
Your roots penetrate the ground, keeping you stationary.
You cannot be teleported.
You are immune to unholy pain and torment.
Your maximum health is greatly increased.
Your equipment is partially melded.
((Your plain brown scales are hard. (AC +5)))
You cannot fit into any form of body armour.
((You are cold-blooded and may be slowed by cold attacks.))


Message History

You bump into the metal wall.
The tarantella touches you. The tarantella completely misses you.
You bump into the metal wall.
The tarantella closely misses you.
You hear a distant slurping noise.
You bump into the metal wall.
The tarantella touches you!
* * * LOW HITPOINT WARNING * * *
You are more confused.
The tarantella touches you.
* * * LOW HITPOINT WARNING * * *
You hear a distant slurping noise.
The tarantella closely misses you.
You hear a distant slurping noise.
There is an open door here.
You miss the tarantella. You claw the tarantella.
Your tail-slap misses the tarantella.
The tarantella is moderately wounded.
The tarantella misses you. The tarantella closely misses you.
Really quaff the potion of lignification?
Your horns disappear.
Your talons disappear.
You turn into a tree.
Your roots penetrate the ground.
The tarantella barely misses you.
You cannot move. (Use ctrl+direction or * direction to attack while stationary and confused.)
You cannot move. (Use ctrl+direction or * direction to attack while stationary and confused.)
You cannot move. (Use ctrl+direction or * direction to attack while stationary and confused.)
You cannot move. (Use ctrl+direction or * direction to attack while stationary and confused.)
You closely miss the tarantella.
The tarantella is moderately wounded.
The tarantella barely misses you. The tarantella touches you.
* * * LOW HITPOINT WARNING * * *
You attack the metal wall.
The tarantella touches you but does no damage.
You closely miss the tarantella.
The tarantella is moderately wounded.
The tarantella touches you.
* * * LOW HITPOINT WARNING * * *
You are more confused.
You swing at nothing.
The tarantella touches you!
* * * LOW HITPOINT WARNING * * *
The tarantella touches you!
You die...

#.#........##.......#
#'###########.......#
#.......# #########
#..###..# #.......#
##.###.##+#
#.......#.+
#..###).#s#
#.......♣)#
###########


You could see a tarantella.

Vanquished Creatures
  A centaur (D)
  A kobold brigand (D)
  A gnoll bouda (D)
  A mummy (D)
  4 gnolls (D)
  2 river rats (D)
  A bat zombie (D)
  A giant cockroach (D)
  A hobgoblin (D)
  2 jackals (D)
  A quokka (D)
  A ball python (D)
  A kobold (D)
  2 rats (D)
20 creatures vanquished.

Vanquished Creatures (others)
  Dissolution (D)
  An Executioner (D)
  4 azure jellies (D)
  2 rockslimes (D)
  A ghost moth (D)
  A quicksilver ooze (D)
  An ophan (D)
  An ettin (D)
  A moth of wrath (D)
  An eye of devastation (D)
  4 golden eyes (D)
  2 floating eyes (D)
  2 jellies (D)
  An adder skeleton (D)
  An orc (D)
  An endoplasm (D)
  A giant cockroach simulacrum (D)
  A quokka simulacrum (D)
27 creatures vanquished.

Grand Total: 47 creatures vanquished

Notes
Turn   | Place    | Note
-------+----------+-------------------------------------------
     0 | D        | fozzywoppz the Draconian Transmuter began the quest for the
                  | Orb.
     0 | D        | Reached XP level 1. HP: 16/16 MP: 3/3
    42 | D        | Found a bloodstained altar of Trog.
    42 | D        | Found a shimmering blue altar of Sif Muna.
    42 | D        | Found a viscous altar of Jiyva.
    42 | D        | Found a hazy altar of Hepliaklqana.
    42 | D        | Found an opulent altar of Gozag.
    43 | D        | Found a glowing golden altar of the Shining One.
    43 | D        | Found a glowing silver altar of Zin.
    43 | D        | Found a basalt altar of Yredelemnul.
    43 | D        | Found a shimmering altar of Xom.
    43 | D        | Found an ornate altar of the Wu Jian Council.
    43 | D        | Found a sacrificial altar of Ru.
    43 | D        | Found a stormy altar of Qazlal.
    43 | D        | Found an iron altar of Okawaru.
    43 | D        | Found a sparkling altar of Nemelex Xobeh.
    43 | D        | Found a burning altar of Makhleb.
    43 | D        | Found a blossoming altar of Fedhas.
    43 | D        | Found a white marble altar of Elyvilon.
    43 | D        | Found a shadowy altar of Dithmenos.
    43 | D        | Found a snail-covered altar of Cheibriados.
    45 | D        | Found a corrupted altar of Lugonu.
    45 | D        | Found a radiant altar of Vehumet.
    46 | D        | Found an ancient bone altar of Kikubaaqudgha.
    46 | D        | Found a hide-covered altar of Uskayaw.
    46 | D        | Found a broken altar of Ashenzari.
    60 | D        | Became a worshipper of Jiyva Jirghur the Shapeless
    62 | D        | Killed an azure jelly
    66 | D        | Killed an ettin
    67 | D        | Killed an azure jelly
    69 | D        | Killed a ghost moth
    70 | D        | Killed a golden eye
    71 | D        | Killed a rockslime
    71 | D        | Killed an azure jelly
    72 | D        | Killed a golden eye
    79 | D        | Killed a moth of wrath
    79 | D        | Killed a rockslime
    79 | D        | Killed an Executioner
    80 | D        | Killed an ophan
    88 | D        | Killed an azure jelly
    88 | D        | Killed an eye of devastation
    90 | D        | Reached XP level 2. HP: 14/24 MP: 3/5
    92 | D        | Killed a golden eye
    94 | D        | Learned a level 2 spell: Wereblood
    96 | D        | Killed Dissolution
   133 | D        | Killed a quicksilver ooze
   159 | D        | Killed a floating eye
   193 | D        | Killed a golden eye
   213 | D        | Reached * piety under Jiyva
   227 | D        | Noticed a floating eye
   228 | D        | Reached XP level 3. HP: 31/31 MP: 5/7
   234 | D        | Killed a floating eye
   259 | D        | Reached XP level 4. HP: 29/40 MP: 9/9
   269 | D        | Reached skill level 5 in Unarmed Combat
   317 | D        | Noticed a kobold brigand
   328 | D        | Killed a kobold brigand
   329 | D        | Reached skill level 5 in Fighting
   329 | D        | Reached skill level 5 in Transmutations
   329 | D        | Reached XP level 5. HP: 48/48 MP: 12/12
   329 | D        | Noticed a centaur
   338 | D        | Killed a centaur
   339 | D        | Reached skill level 5 in Dodging
   339 | D        | Reached skill level 5 in Spellcasting
   339 | D        | Noticed a tarantella
   363 | D        | Slain by a tarantella

Illustrated notes

Levels and vault maps discovered:
D:        pitsprint [storerooms_1, entrance_room_1, metal_vault_1, armoury_3,
          mini_pit_1, grid_room_1, main_hall_1, silver_pit, the_coven_1,
          the_vestibule_1, steel_vault_3, golden_pit, hallway_of_sentries,
          crystal_vault_2, iron_vault_1, final_vault]

Skill      XL: |  1  2  3  4  5 |
---------------+----------------+-----
Dodging        | 2 3 4 5 |  5.4
Fighting       | 2 3 5 6 |  6.1
Spellcasting   | 3 4 5 |  5.0
Transmutations | 3 4 5 6 |  6.0
Unarmed Combat | 4 5 6 |  6.3

Action                     |  1- 3 |  4- 6 || total
---------------------------+-------+-------++-------
  Melee: Unarmed           |    61 |    40 ||   101
         Kick              |    14 |     9 ||    23
         Headbutt          |    10 |     6 ||    16
         Tailslap          |     5 |     2 ||     7
         Punch             |     1 |     1 ||     2
   Cast: Beastly Appendage |     6 |     2 ||     8
         Wereblood         |     3 |     1 ||     4
    Use: Potion            |     1 |     3 ||     4
         Scroll            |     1 |       ||     1
   Stab: Sleeping          |       |     1 ||     1
 Armour: Skin              |    20 |     8 ||    28
  Dodge: Dodged            |    46 |    39 ||    85

Table legend: (Time is in decaauts)
 A = Elapsed time spent in this place.
 B = Non-inter-level travel time spent in this place.
 C = Inter-level travel time spent in this place.
 D = Time resting spent in this place.
 E = Time spent auto-exploring this place.
 F = Levels seen in this place.
 G = Mean time per level.
                   A        B        C        D        E       F      G
               +--------+--------+--------+--------+--------+-----+--------+
         Total |    354 |    354 |      0 |     33 |      0 |   1 |  354.0 |
       Dungeon |    354 |    354 |      0 |     33 |      0 |   1 |  354.0 |
               +--------+--------+--------+--------+--------+-----+--------+

Top non-repeatable levels by time:
       D: 354 daAuts
